 Dungeon Crawl Stone Soup version 0.21-a0-401-g0b6bec4 (webtiles) character file.

6 tidbits the Charmwright (level 1, -6/20 HPs)
             Began as a Gnoll Skald on Oct 21, 2017.
             Shot with an arrow by a centaur (15 damage)
             ... on level 2 of the Dungeon.
             The game lasted 00:01:11 (140 turns).

tidbits the Charmwright (Gnoll Skald)                Turns: 140, Time: 00:01:11

Health: -6/20      AC:  3    Str: 13    XL:     1   Next: 90%
Magic:  4/6        EV: 14    Int: 15    God:
Gold:   0          SH:  0    Dex: 14    Spells: 8/9 levels left

rFire    . . .     SeeInvis .   a - +0 hand axe
rCold    . . .     Gourm    .   (no shield)
rNeg     . . .     Faith    .   b - +0 leather armour
rPois    .         Spirit   .   (no helmet)
rElec    .         Reflect  .   (no cloak)
rCorr    .         Harm     .   (no gloves)
MR       .....                  (no boots)
Stlth    +.........             (no amulet)
HPRegen  0.06/turn              (no ring)
MPRegen  0.10/turn              (no ring)

@: infused, very slightly contaminated
A: distributed training, fangs 1, strong nose
a: no special abilities


You were on level 2 of the Dungeon.
You were not hungry.

You visited 1 branch of the dungeon, and saw 2 of its levels.

Inventory:

Hand Weapons
 a - a +0 hand axe (weapon)
Missiles
 g - 25 stones (quivered)
Armour
 b - a +0 leather armour (worn)
Scrolls
 e - a scroll of enchant armour {unknown}
 h - 3 scrolls of recharging {unknown}
Potions
 f - 2 potions of might {unknown}
Books
 c - a book of Battle

   Spells                             Type                      Level
   a - Infusion                       Charms                       1
   b - Shroud of Golubria             Charms/Translocation         2
   c - Song of Slaying                Charms                       2
   d - Spectral Weapon                Hexes/Charms                 3
   e - Regeneration                   Charms/Necromancy            3
Comestibles
 d - 2 bread rations


   Skills:
 + Level 4.4 Fighting
 + Level 0.1 Short Blades
 + Level 0.1 Long Blades
 + Level 4.4 Axes
 + Level 0.1 Maces & Flails
 + Level 0.1 Polearms
 + Level 0.1 Staves
 + Level 0.1 Slings
 + Level 0.1 Bows
 + Level 0.1 Crossbows
 + Level 0.1 Throwing
 + Level 2.4 Armour
 + Level 4.4 Dodging
 + Level 0.1 Stealth
 + Level 0.1 Shields
 + Level 0.1 Unarmed Combat
 + Level 4.9 Spellcasting
 + Level 0.1 Conjurations
 + Level 0.1 Hexes
 + Level 5.3 Charms
 + Level 0.1 Summonings
 + Level 0.1 Necromancy
 + Level 0.1 Translocations
 + Level 0.1 Transmutations
 + Level 0.1 Fire Magic
 + Level 0.1 Ice Magic
 + Level 0.1 Air Magic
 + Level 0.1 Earth Magic
 + Level 0.1 Poison Magic
 + Level 0.2 Invocations
 + Level 0.1 Evocations


You had 8 spell levels left.
You knew the following spells:

 Your Spells              Type           Power        Failure   Level  Hunger
i - Infusion              Chrm           ###.         2%          1    None


Dungeon Overview and Level Annotations

Branches:
Dungeon (2/15)

Altars:


Innate Abilities, Weirdness & Mutations

Your experience applies equally to all skills.
You have very sharp teeth.
Your uncanny sense of smell can sniff out nearby items.


Message History

e - a scroll labeled KISMU PUOCU You see here a frilled lizard corpse.
Your magical infusion is running out.
Found a whip.
f - a sedimented golden potion A ball python comes into view.
The ball python bites you but does no damage.
The ball python grabs you. The ball python constricts you.
Found a bread ration.
You closely miss the ball python. The ball python closely misses you.
The ball python constricts you.
You hit the ball python.
You kill the ball python!
You are no longer magically infusing your attacks.
You see here a ball python corpse.
Found 24 stones.
d - 2 bread rations (gained 1)
Found 19 poisoned needles.
You see here 24 stones.
g - 24 stones
Found a stone staircase leading down.
A leopard gecko comes into view.
The leopard gecko hisses angrily.
You closely miss the leopard gecko.
You bite the leopard gecko, but do no damage.
The leopard gecko barely misses you.
Casting: Infusion
Confirm with . or Enter, or press ? or * to list all spells.
You begin infusing your attacks with magical energy.
The leopard gecko completely misses you.
The leopard gecko misses you.
You hit the leopard gecko.
You kill the leopard gecko!
Found a sedimented golden potion.
You see here a leopard gecko corpse.
Found 3 scrolls labeled QYARET PIFADISEOR.
h - 3 scrolls labeled QYARET PIFADISEOR Your magical infusion is running out.
You see here a leopard gecko corpse.
A rat comes into view.
You are no longer magically infusing your attacks.
Found a stone staircase leading down.
There is a stone staircase leading down here.
You see here a sedimented golden potion.
f - 2 sedimented golden potions (gained 1)
You closely miss the rat. The rat completely misses you.
You hit the rat but do no damage. The rat barely misses you.
You hit the rat.
You kill the rat!
You see here a rat corpse.
There is a stone staircase leading down here.
You climb downwards.
A rat comes into view.
Found a stone staircase leading down.
There is a stone staircase leading up here.
You climb upwards.
There is a stone staircase leading down here.
There is a stone staircase leading down here.
You climb downwards.
There is a stone staircase leading up here.
A frilled lizard comes into view.
The helpless frilled lizard fails to defend itself.
You hit the frilled lizard.
You kill the frilled lizard!
You see here a frilled lizard corpse.
You open the door.
There is an open door here.
You open the door.
A kobold comes into view.
There is an open door here.
The kobold shouts!
The kobold throws a stone.
The stone hits you but does no damage.
You see here a stone.
The kobold throws a stone.
The stone barely misses you.
Casting: Infusion
Confirm with . or Enter, or press ? or * to list all spells.
You miscast Infusion.
You are very lightly contaminated with residual magic.
Nothing appears to happen.
The kobold completely misses you.
Casting: Infusion
Confirm with . or Enter, or press ? or * to list all spells.
You begin infusing your attacks with magical energy.
The kobold misses you.
You barely miss the kobold. The kobold closely misses you.
You miss the kobold. The kobold hits you.
You hit the kobold.
You kill the kobold!
g - 25 stones (gained 1) Autopickup is now off.
You open the door.
A centaur comes into view.
The centaur shouts!
The centaur wields a shortbow.
The centaur shoots an arrow.
The arrow hits you!
* * * LOW HITPOINT WARNING * * *
There is an open door, spattered with blood here.
You see here an arrow.
The centaur shoots an arrow.
The arrow hits you!
Ouch! That really hurt!
You die...

###.....########
#..............#......#
#.#.....#..###.#......
#.#.....#....#.#..... #
########.#.#.#....
##'#+#.#... #......#.c
#......#.# #.....(#@#
#..†...(.# #......###
#......# ########


You could see a centaur.

Vanquished Creatures
  A leopard gecko (D:1)
  A ball python (D:1)
  2 frilled lizards
  A kobold (D:2)
  A rat (D:1)
6 creatures vanquished.

Notes
Turn   | Place    | Note
-------+----------+-------------------------------------------
     0 | D:1      | tidbits the Gnoll Skald began the quest for the Orb.
     0 | D:1      | Reached XP level 1. HP: 20/20 MP: 6/6
   139 | D:2      | Noticed a centaur
   140 | D:2      | Shot with an arrow by a centaur

Vault maps used:
D:1:      minmay_arrival_shattered_statue
D:2:      minmay_lizard_pond, uniq_robin

Action                   || total
-------------------------++-------
Melee: Hand axe          ||    13
       Bite              ||     1
 Cast: Infusion          ||     3
 Stab: Sleeping          ||     1
Armor: Leather armour    ||     2
Dodge: Dodged            ||    11

Table legend:
 A = Spawn XP
 B = Non-spawn XP
 C = Spawn XP percentage of total XP
 D = Spawn monster count
 E = Non-spawn monster count
 F = Spawn count percentage of total count
 G = Total turns spent on level
                    A         B        C        D         E        F      G
               +---------+---------+-------+---------+---------+-------+---------
         Total |       0 |       9 |   0.0 |       0 |       6 |   0.0 |   140
               +---------+---------+-------+---------+---------+-------+---------
           D:1 |       0 |       7 |   0.0 |       0 |       4 |   0.0 |    85
           D:2 |       0 |       2 |   0.0 |       0 |       2 |   0.0 |    55
               +---------+---------+-------+---------+---------+-------+---------

Table legend:
 A = Turns spent in this place as a percentage of turns spent in the entire game.
 B = Non-inter-level travel turns spent in this place as a percentage of non-inter-level travel turns spent in the entire game.
 C = Inter-level travel turns spent in this place as a percentage of turns spent in this place.
 D = Turns resting spent in this place as a percentage of non-inter-level travel turns spent in this place.
 E = Turns spent auto-exploring this place as a percentage of non-inter-level travel turns spent in this place.
 F = Non-inter-level travel turns spent in this place divided by the number of levels of this place that you've seen.
                   A       B       C       D       E      F
               +-------+-------+-------+-------+-------+----------------------
         Total | 100.0 | 100.0 |   0.0 |   0.0 |   0.0 |  70.0
       Dungeon | 100.0 | 100.0 |   0.0 |   0.0 |   0.0 |  70.0
               +-------+-------+-------+-------+-------+----------------------

Table legend:
 A = Kills in this place as a percentage of kills in entire the game.
 B = Kills by you in this place as a percentage of kills by you in the entire game.
 C = Kills by friends in this place as a percentage of kills by friends in the entire game.
 D = Other kills in this place as a percentage of other kills in the entire game.
 E = Experience gained in this place as a percentage of experience gained in the entire game.
 F = Experience gained in this place divided by the number of levels of this place that you have seen.
                   A       B       C       D       E      F
               +-------+-------+-------+-------+-------+----------------------
         Total | 100.0 | 100.0 |   N/A |   N/A | 100.0 |   4.5
       Dungeon | 100.0 | 100.0 |   N/A |   N/A | 100.0 |   4.5
               +-------+-------+-------+-------+-------+----------------------

Vault maps used:
D:1:      minmay_arrival_shattered_statue
D:2:      minmay_lizard_pond, uniq_robin
